 Dungeon Crawl Stone Soup version 0.29-a0-409-gd843f3a48c (webtiles) character file.

Game seed: 10348265680235939080

46 runemasterragnar the Skirmisher (level 3, -5/31 HPs)
             Began as a Demonspawn Monk on May 14, 2022.
             Was a Believer of Okawaru.
             Slain by Ijyb
             ... wielding a +0 dagger
              (7 damage)
             ... on level 3 of the Dungeon.
             The game lasted 00:02:22 (1482 turns).

runemasterragnar the Skirmisher (Demonspawn Monk)   Turns: 1482, Time: 00:02:22

Health: -5/31      AC:  0    Str: 13    XL:     3   Next: 46%
Magic:  3/3        EV:  9    Int: 11    God:    Okawaru [**....]
Gold:   144        SH:  0    Dex: 15    Spells: 2/2 levels left

rFire   . . .      SeeInvis .   a - +0 falchion
rCold   . . .      Faith    .   (no shield)
rNeg    . . .      Spirit   .   b - +0 robe
rPois   .          Reflect  .   (no helmet)
rElec   .          Harm     .   (no cloak)
rCorr   .          Rampage  .   (no gloves)
Will    .....                   (no boots)
Stlth   ++........              (no amulet)
HPRegen 0.10/turn               (no ring)
MPRegen 0.08/turn               (no ring)

@: corroded, constricted
A: yellow scales 1, demonic touch 1
a: Renounce Religion, Heroism


You were on level 3 of the Dungeon.
You worshipped Okawaru.
Okawaru was pleased with you.
You visited 1 branch of the dungeon, and saw 3 of its levels.

You collected 144 gold pieces.

Inventory:

Hand Weapons
 a - a +0 falchion (weapon)
Armour
 b - a +0 robe (worn)
Scrolls
 d - a scroll of identify
 h - a scroll of noise
Potions
 f - a potion of curing


   Skills:
 + Level 4.5 Fighting
 - Level 2.6 Long Blades
 - Level 2.6 Dodging
 - Level 1.7 Stealth


You had 2 spell levels left.
You didn't know any spells.
Your spell library contained the following spells:

 Spells                   Type           Power      Damage    Failure   Level
 Sandblast                Erth           0%         2d4       34%         1
 Passwall                 Tmut/Erth      0%         N/A       47%         2
 Stone Arrow              Conj/Erth      0%         3d7       71%         3


Dungeon Overview and Level Annotations

Branches:
Dungeon (3/15)

Altars:
Okawaru

Annotations:
D:2 Robin
D:3 Ijyb


Innate Abilities, Weirdness & Mutations

You are partially covered in yellow scales. (AC +2)
Your touch may inflict minor irresistible damage on your foes.


Message History

The bat misses you. The bat hits you but does no damage.
The bat attacks as you move away! The bat completely misses you.
The bat hits you. The bat attacks as you move away!
The bat closely misses you. x2
There is a stone staircase leading down here.
The bat hits you but does no damage. The bat closely misses you.
The quokka barely misses you.
You climb downwards.
Found 17 gold pieces and a flail.
Found a stone staircase leading down.
There is a stone staircase leading up here.
You barely miss the quokka. The quokka misses you.
You slash the quokka!
You kill the quokka!
Okawaru accepts your kill.
Ijyb shouts!
You hear an angry hiss.
A ball python comes into view.
Ijyb zaps a wand.
The bolt of acid hits you! The acid corrodes you!
You are too injured to fight recklessly!
You fail to use your ability.
You feel your willpower return. Ijyb hits you with a +0 dagger.
You hit Ijyb.
Ijyb is lightly wounded.
Ijyb barely misses you.
You barely miss Ijyb. Your touch misses Ijyb.
Ijyb is lightly wounded.
Ijyb closely misses you.
You hit Ijyb but do no damage. Your touch misses Ijyb.
Ijyb is lightly wounded.
Ijyb hits you with a +0 dagger.
* * * LOW HITPOINT WARNING * * *
The ball python bites you.
* * * LOW HITPOINT WARNING * * *
The ball python grabs you. The ball python constricts you.
* * * LOW HITPOINT WARNING * * *
You hit Ijyb but do no damage.
Ijyb is lightly wounded.
Ijyb hits you with a +0 dagger!
You die...

# ...## #. ≈≈≈≈
##.#####...#
........... ....
................
......... .....
.......g# ....
......S@# ..###.#
........##...)..#
............#....
.................
...#.....<†....>.
.................
......$..........
.................
...##............


You could see Ijyb and a ball python.

Vanquished Creatures
  2 adders (D:2)
  A dart slug (D:1)
  2 endoplasms
  5 goblins
  2 hobgoblins
  2 kobolds (D:1)
  3 quokkas
  2 ball pythons (D:2)
  5 bats
24 creatures vanquished.

Vanquished Creatures (others)
  3 plants (D:1)
3 creatures vanquished.

Grand Total: 27 creatures vanquished

Notes
Turn   | Place    | Note
-------+----------+-------------------------------------------
     0 | D:1      | runemasterragnar the Demonspawn Monk began the quest for
                  | the Orb.
     0 | D:1      | Reached XP level 1. HP: 18/18 MP: 1/1
   444 | D:1      | Gained mutation: You are partially covered in yellow
                  | scales. (AC +2) [demonic ancestry]
   444 | D:1      | Reached XP level 2. HP: 24/24 MP: 2/2
   842 | D:1      | Found a faded altar of an unknown god.
   849 | D:1      | Prayed at the altar of an unknown god.
   849 | D:1      | Became a worshipper of Warmaster Okawaru
   849 | D:1      | Reached * piety under Okawaru
   849 | D:1      | Reached ** piety under Okawaru
  1046 | D:2      | Reached skill level 4 in Fighting
  1106 | D:2      | Noticed Robin
  1112 | D:2      | HP: 1/25 [adder (2)]
  1118 | D:2      | HP: 1/25 [bat (1)]
  1120 | D:2      | Gained mutation: Your touch may inflict minor irresistible
                  | damage on your foes. [demonic ancestry]
  1120 | D:2      | Reached XP level 3. HP: 1/30 MP: 3/3
  1471 | D:3      | Noticed Ijyb
  1482 | D:3      | Slain by Ijyb

Illustrated notes

Levels and vault maps discovered:
D:1:      ncdulo_watergridlock, layout_loops_ring,
          shapermc_ecumenical_altar_mp_ritualfount, minmay_pentomino_z2
D:2:      layout_basic, uniq_robin
D:3:      layout_rooms, led_sif_pool, serial_rivers,
          chequers_serial_rivers_micro_a, chequers_serial_rivers_small_b,
          chequers_serial_rivers_micro_a, chequers_serial_rivers_micro_a,
          chequers_serial_rivers_room_b, chequers_serial_rivers_marsh,
          serial_shops, shop, guppyfry_early_orc_mine, uniq_ijyb

Skill      XL: |  1  2 |
---------------+-------+-----
Fighting       | 4 |  4.5
Long Blades    | |  2.6
Dodging        | |  2.6
Stealth        | |  1.7

Action                   || total
-------------------------++-------
Melee: Falchion          ||    79
       Touch             ||     2
  Use: Potion            ||     3
       Scroll            ||     5
 Stab: Sleeping          ||     3
       Distracted        ||     1
Armor: Robe              ||    36
Dodge: Dodged            ||    80

Table legend: (Time is in decaauts)
 A = Elapsed time spent in this place.
 B = Non-inter-level travel time spent in this place.
 C = Inter-level travel time spent in this place.
 D = Time resting spent in this place.
 E = Time spent auto-exploring this place.
 F = Levels seen in this place.
 G = Mean time per level.
                   A        B        C        D        E       F      G
               +--------+--------+--------+--------+--------+-----+--------+
         Total |   1495 |   1485 |     10 |    286 |    917 |   3 |  498.3 |
       Dungeon |   1495 |   1485 |     10 |    286 |    917 |   3 |  498.3 |
               +--------+--------+--------+--------+--------+-----+--------+

Top non-repeatable levels by time:
     D:1: 867 daAuts
     D:2: 617 daAuts
     D:3: 11 daAuts
